 Dungeon Crawl Stone Soup version 0.32-a0-666-ge8a88695a4 (console) character file.

Game seed: 8571920417730046865

2808600 elliptic the Conqueror (level 26, 265/265 (266) HPs)
             Began as a Coglin Reaver on Mar 9, 2024.
             Was the Champion of Ru.
             Escaped with the Orb
             ... and 4 runes
             ... and 1 gem!
             The game lasted 02:54:33 (53484 turns).

elliptic the Conqueror (Coglin Reaver)             Turns: 53484, Time: 02:54:33

HP:   265/265 (266) AC: 45    Str: 24    XL:     26   Next: 54%
MP:   25/25         EV: 13    Int: 14    God:    Ru [******]
Gold: 2979          SH:  0    Dex: 19    Spells: 28/28 levels left

rFire   + . .        a - +9 broad axe (vamp) {Oma}
rCold   + + .        b - +6 broad axe (drain) {Tiberia}
rNeg    . . .        x - +9 crystal plate armour {rC+} {nodragon}
rPois   .            k - +0 hat "Ujucvotz" {Str+6}
rElec   .            J - scarf {rC+ rF+}
rCorr   .            l - +2 pair of gloves {Dex+3}
SInv    .            f - +2 pair of boots
Will    +....        (amulet unavailable) Stlth
                     (ring unavailable)
HPRegen 1.44/turn    (ring unavailable)
MPRegen 0.59/turn    e - dynamic ramjet {Will+ Regen+ RegenMP+ Slay+3}

%: no passive effects
@: hasted, studying Earth Magic, lightly drained, very quick
A: dopey 1, no stealth, no air magic, no hexes magic, no necromancy magic,
weak-willed 1, unskilled 1, no forms, off-hand wielding, slow wielding, warmup
strikes, no jewellery, robust 1, inhibited regeneration, MP-powered wands
0: Orb of Zot
}: 4/15 runes: serpentine, barnacled, silver, abyssal
a: Renounce Religion, Draw Out Power, Power Leap, Apocalypse


You escaped.
You worshipped Ru.
Ru was exalted by your worship.
You visited 11 branches of the dungeon, and saw 51 of its levels.
You visited the Abyss 1 time.
You also visited: Bailey, Ice Cave and Volcano.

You collected 9077 gold pieces.
You spent 6098 gold pieces at shops.


Innate Abilities, Weirdness & Mutations

You are dopey. (Int -2)
You cannot be stealthy.
You cannot study or cast Air magic.
You cannot study or cast Hexes magic.
You cannot study or cast Necromancy magic.
You are slightly weak-willed. (Will-)
You are somewhat unskilled. (-1 Apt)
You cannot voluntarily change form.
You can wield a second weapon in your off-hand.
It takes a long time for you to wield or remove held weapons.
Your first few attacks do less damage.
You cannot equip rings or amulets.
You are robust. (+10% HP)
You do not regenerate when monsters are visible.
You expend magic power (3 MP) to strengthen your wands.


   Skills:
 O Level 27 Fighting
 - Level 2.6 Long Blades
 - Level 18.0 Axes
 - Level 1.8(11.0) Maces & Flails
 + Level 22.6 Armour
 - Level 13.0 Dodging
 - Level 1.5 Spellcasting
 - Level 2.4 Conjurations
 - Level 3.9 Evocations


You had 28 spell levels left.
You didn't know any spells.
Your spell library contained the following spells:

 Spells                   Type           Power      Damage    Failure   Level
 Magic Dart               Conj           28%        1d4       75%         1
 Searing Ray              Conj           14%        2d5       87%         2
 Foxfire                  Conj/Fire      16%        2x1d4     88%         1
 Sting                    Conj/Alch      16%        1d4       88%         1
 Momentum Strike          Conj/Tloc      8%         3d8       96%         2
 Blink                    Tloc           2%         N/A       99%         2
 Lesser Beckoning         Tloc           2%         N/A       99%         2
 Hailstorm                Conj/Ice       4%         3d5       99%         3
 Stone Arrow              Conj/Erth      8%         3d7       99%         3
 Gell's Gravitas          Tloc           1%         N/A       100%        3
 Ozocubu's Armour         Ice            1%         N/A       100%        3
 Passwall                 Erth           1%         N/A       100%        3
 Summon Ice Beast         Ice/Summ       1%         N/A       100%        3
 Teleport Other           Tloc           1%         N/A       100%        3
 Volatile Blastmotes      Fire/Tloc      2%         2d10      100%        3
 Animate Armour           Summ/Erth      2%         N/A       100%        4
 Fulminant Prism          Conj/Alch      2%         3d5       100%        4
 Ignite Poison            Fire/Alch      1%         N/A       100%        4
 Iskenderun's Mystic Bla  Conj/Tloc      4%         2d3       100%        4
 Olgreb's Toxic Radiance  Alch           1%         N/A       100%        4
 Passage of Golubria      Tloc           1%         N/A       100%        4
 Sticky Flame             Fire/Alch      1%         2d4       100%        4
 Alistair's Intoxication  Alch           0%         N/A       100%        5
 Fireball                 Conj/Fire      2%         3d4       100%        5
 Irradiate                Conj/Alch      2%         3d12      100%        5
 Iskenderun's Battlesphe  Conj           7%         2d6       100%        5
 Summon Forest            Summ/Tloc      0%         N/A       100%        5
 Bombard                  Conj/Erth      2%         9d1       100%        6
 Eringya's Noxious Bog    Alch           0%         4d6       100%        6
 Sculpt Simulacrum        Ice/Alch       0%         N/A       100%        6
 Starburst                Conj/Fire      2%         6d3       100%        6
 Summon Cactus Giant      Summ           0%         N/A       100%        6
 Monstrous Menagerie      Summ           0%         N/A       100%        7
 Spellforged Servitor     Conj/Summ      2%         N/A       100%        7
 Summon Hydra             Summ           0%         N/A       100%        7
 Ignition                 Fire           0%         3d3       100%        8
 Lehudib's Crystal Spear  Conj/Erth      2%         10d2      100%        8
 Dragon's Call            Summ           0%         N/A       100%        9
 Fire Storm               Conj/Fire      2%         8d1       100%        9
 Shatter                  Erth           0%         3d5*      100%        9
 Kiss of Death            Conj/Necr      Unusable   2d6       N/A         1
 Cigotuvi's Dreadful Rot  Necr/Alch/Air  Unusable   N/A       N/A         2
 Ensorcelled Hibernation  Hex/Ice        Unusable   N/A       N/A         2
 Mercury Vapours          Alch/Air       Unusable   N/A       N/A         2
 Dazzling Flash           Conj/Hex       Unusable   N/A       N/A         3
 Inner Flame              Hex/Fire       Unusable   N/A       N/A         3
 Swiftness                Air            Unusable   N/A       N/A         3
 Tukima's Dance           Hex            Unusable   N/A       N/A         3
 Vampiric Draining        Necr           Unusable   2d6       N/A         3
 Animate Dead             Necr           Unusable   N/A       N/A         4
 Cause Fear               Hex            Unusable   N/A       N/A         4
 Dimensional Bullseye     Hex/Tloc       Unusable   N/A       N/A         4
 Borgnjor's Vile Clutch   Necr/Erth      Unusable   N/A       N/A         5
 Metabolic Englaciation   Hex/Ice        Unusable   N/A       N/A         5
 Summon Mana Viper        Hex/Summ       Unusable   N/A       N/A         5
 Yara's Violent Unravell  Hex/Alch       Unusable   3d3       N/A         5
 Plasma Beam              Fire/Air       Unusable   2x1d10    N/A         6
 Maxwell's Capacitive Co  Air            Unusable   death     N/A         8
 Chain Lightning          Conj/Air       Unusable   3d2       N/A         9

Inventory:

Hand Weapons
 a - a +9 vampiric broad axe (weapon) {Oma}
 b - a +6 broad axe of draining (offhand) {Tiberia}
 I - the +16 obsidian axe {drain, demonic, Mesm ^Drain Fly SInv}
   (You acquired it on level 7 of the Dungeon)

   Mesm:      Its wielder is mesmerised by any visible foes, and it cannot be
   unequipped while any foes are visible.
   SInv:      It lets you see invisible.
   Fly:       It grants you flight.
   ^Drain:    It drains your maximum health when unequipped.
 Q - a +4 broad axe of flaming {Takurtum}
 S - a +3 heavy broad axe {LucĂ­a}
 U - the +1 double sword of Interdependent Arising {speed, +Blink rElec rPois}
   (You took it off a frost giant on level 5 of the Vaults)

   rElec:     It insulates you from electricity.
   rPois:     It protects you from poison.
   +Blink:    It lets you blink.
Missiles
 r - 11 throwing nets
 K - 4 curare-tipped darts (quivered)
Armour
 d - the +0 hat of Wumoph {rF+++ rC- Regen+ SInv}
   (You found it on level 15 of the Dungeon)

   rF+++:     It renders you almost immune to fire.
   rC-:       It makes you vulnerable to cold.
   SInv:      It lets you see invisible.
   Regen+:    It increases your rate of health regeneration.
 f - a +2 pair of boots (worn)
 k - the +0 hat "Ujucvotz" (worn) {Str+6}
   (You acquired it on level 8 of the Dungeon)

   Str+6:     It affects your strength (+6).
 l - a +2 pair of gloves of dexterity (worn)
 n - a +2 cloak of poison resistance
 x - a +9 crystal plate armour of cold resistance (worn) {nodragon}
 J - a scarf of resistance (worn)
 O - +0 gold dragon scales
Gizmo
 e - a dynamic ramjet (installed) {Will+ Regen+ RegenMP+ Slay+3}
   (You invented it yourself on level 4 of the Lair of Beasts)

   [dynamic ramjet]

   Slay+3:    It affects your accuracy & damage with ranged weapons and melee
   (+3).
   Will+:     It increases your willpower.
   Regen+:    It increases your rate of health regeneration.
   RegenMP+:  It increases your rate of magic regeneration.
Wands
 s - a wand of light (23)
 t - a wand of roots (21)
 u - a wand of polymorph (15)
 y - a wand of charming (40)
 D - a wand of digging (7)
 W - a wand of flame (62)
Scrolls
 m - 9 scrolls of vulnerability
 w - 2 scrolls of fog
 B - 10 scrolls of fear
 G - 20 scrolls of teleportation
 H - 5 scrolls of poison
 L - 6 scrolls of silence {!r}
 N - a scroll of revelation
 R - 3 scrolls of butterflies
 T - 5 scrolls of immolation
 X - 2 scrolls of blinking
Potions
 g - 4 potions of ambrosia
 h - 3 potions of cancellation
 o - 5 potions of berserk rage {!q}
 p - 4 potions of haste
 q - 14 potions of mutation {!q}
 v - 3 potions of attraction
 z - 7 potions of might
 A - 7 potions of magic
 C - 5 potions of invisibility
 E - 10 potions of enlightenment
 F - a potion of resistance
 M - 11 potions of heal wounds
 P - 15 potions of curing
 Z - 4 potions of brilliance
Miscellaneous
 c - a box of beasts
 i - a lightning rod (4/4)
 j - a phial of floods


Message History

You feel yourself slow down.
A tormentor comes into view.
The tormentor roars!
As you read the scroll of fog, it dissolves into smoke.
You feel yourself speed up.
You feel very mighty all of a sudden.
The tormentor is stunned by your conviction and fails to attack.
You slash the tormentor with your +9 vampiric broad axe!
The tormentor is moderately wounded.
You slash the tormentor with your +6 broad axe of draining!
You hit the tormentor but do no damage.
The tormentor is heavily wounded.
You hit the tormentor with your +9 vampiric broad axe.
The tormentor begins to attack, but is stunned by your conviction!
You hit the tormentor with your +9 vampiric broad axe.
The tormentor is severely wounded.
You slice the tormentor with your +6 broad axe of draining!!
You kill the tormentor!
HP restored.
There is a stone staircase leading up here.
You climb upwards.
There is a stone staircase leading down here.
A demonspawn blood saint and a balrug come into view.
The balrug is wielding a +2 demon whip of venom.
You can't go up here!
The balrug begins to attack, but is stunned by your conviction!
There is a stone staircase leading up here.
You climb upwards.
There is a stone staircase leading down here.
Your extra speed is starting to run out.
There is a stone staircase leading up here.
You feel a little less mighty now.
You climb upwards.
There is a stone staircase leading down here.
You feel as though your hastened speed will last longer.
There is a stone staircase leading up here.
You climb upwards.
There is a stone staircase leading down here.
There is a staircase leading out of the dungeon here.
You have escaped!

..####....................#
..# ###.###############..#
..# #.#.............#..#
..# #.#.............#..#
..## #.#.............#..#
#..# ##.#######%#######..#
##.## #..#.......4.....#..#
##..# #..'-....###....-+.##
##.###..#......@......#.#
#......#..-...>...-..#.#
##..##.###'#######'###.#
##....................#
###.........##########
###########


There were no monsters in sight!

Vanquished Creatures
  2 dread liches
  Khufu (Crypt:3)
  2 ancient liches (Zot:5)
  Frederick (Vaults:3)
  2 orbs of fire (Zot:5)
  Mara (Vaults:3)
  2 juggernauts (Depths:3)
  2 royal mummies (Crypt:3)
  Vv (Depths:4)
  Saint Roka (Snake:3)
  3 Killer Klowns (Zot:5)
  The ghost of killozap the Wrestler, a veteran TrFi of Wu Jian (Depths:2)
  Margery (Crypt:1)
  A curse toe (Zot:5)
  4 golden dragons
  Jory (Vaults:3)
  A bone dragon (Crypt:3)
  An electric golem (Zot:5)
  A hellephant (Crypt:1)
  The ghost of cforsyth the Warrior, an adept DjFE (Shoals:4)
  13 tentacled monstrosities
  20 Orb Guardians (Zot:5)
  Rupert (D:14)
  2 walking earthen tomes
  4 titans (Vaults:5)
  10 liches
  4 sphinxes
  2 quicksilver dragons
  The ghost of cforsyth the Black Sun, an adept MDNe of Kikubaaqudgha (Shoals:3)
  2 ancient champions
  Polyphemus (Shoals:2)
  7 storm dragons
  3 death cobs
  5 tengu reavers
  3 krakens
  A thorn hunter (Abyss:3)
  5 shadow dragons
  3 tentacled starspawn (Abyss:3)
  Agnes (Snake:2)
  Aizul (Snake:2)
  Donald (Vaults:1)
  4 protean progenitors
  2 nagarajas
  Ilsuiw (Shoals:4)
  11 frost giants
  2 ghost moths (Zot:5)
  A draconian knight (Depths:4)
  4 fire giants
  21 vault wardens
  3 deep elf sorcerers
  A juggernaut zombie (Crypt:3)
  A curse skull (Crypt:1)
  A draconian shifter (Depths:4)
  4 ghouls
  2 orc warlords
  A spriggan defender (Depths:3)
  13 ironbound preservers
  A draconian scorcher (Depths:4)
  The ghost of Qikim the Earth Mage, a journeyman GrEE of Gozag (Elf:1)
  A caustic shrike skeleton (Crypt:3)
  11 very ugly things
  5 ironbound thunderhulks
  17 stone giants
  2 broodmothers (Zot:5)
  6 vampire knights
  A purple draconian (Depths:4)
  8 dire elephants
  4 war gargoyles (Crypt:3)
  3 deep elf demonologists
  A green draconian (Zot:5)
  9 starcursed masses (Abyss:3)
  4 deep elf death magi
  A deep elf annihilator (Vaults:5)
  Azrael (D:15)
  A black draconian (Depths:4)
  3 spark wasps
  2 bunyips (Zot:5)
  A yellow draconian (Depths:4)
  6 white draconians
  2 red draconians
  5 crystal guardians
  The ghost of Iranwisias the Crack Shot, a journeyman KoHu of Hepliaklqana (D:15)
  5 merfolk javelineers
  6 jiangshi
  9 fire dragons
  9 ettins
  8 merfolk impalers
  A quicksilver dragon zombie (Crypt:3)
  9 yaktaur captains
  7 rakshasas
  A deep elf high priest (Crypt:1)
  A spectral tengu (Depths:1)
  A spriggan zombie (Crypt:3)
  11 great orbs of eyes
  28 vault guards
  5 salamander tyrants (Snake:4)
  3 catoblepae
  3 spriggan air magi
  6 centaur warriors
  10 ice dragons
  A hell beast (D:10)
  An alligator snapping turtle (Shoals:4)
  A sphinx zombie (Vaults:4)
  3 peacekeepers
  4 ogre magi
  12 ironbound frosthearts
  Erica (D:8)
  3 merfolk avatars
  A spriggan skeleton (Crypt:3)
  2 boulder beetles
  3 hydras
  5 merfolk aquamancers
  A two-headed ogre (shapeshifter) (Vaults:5)
  10 two-headed ogres
  9 anacondas
  32 dancing weapons
  5 tengu warriors (Depths:1)
  11 deep troll shamans
  15 death yaks
  A sphinx skeleton (Vaults:2)
  6 spriggan berserkers
  6 deep troll earth magi
  6 vampire magi
  12 naga warriors
  A sun demon (Depths:4)
  4 shock serpents
  An occultist (Depths:2)
  4 thrashing horrors (Abyss:3)
  14 naga sharpshooters
  A titan zombie (Crypt:1)
  30 hell knights
  5 orc high priests
  2 wretched stars (Abyss:3)
  Amaemon (Lair:1)
  17 deep elf knights
  8 iron trolls
  5 spriggans
  19 skeletal warriors
  6 skysharks
  A fire crab (Lair:5)
  A goliath frog (Zot:4)
  A salamander mystic (Snake:4)
  A spriggan rider (Depths:3)
  3 flayed ghosts
  2 storm dragon skeletons
  A golden dragon zombie (Crypt:3)
  Lodul (D:14)
  6 bog bodies
  4 glowing orange brains
  43 deep trolls
  A sun moth (shapeshifter) (Vaults:5)
  5 deep elf archers
  An orange crystal statue (IceCv)
  16 sea snakes
  8 arcanists
  3 naga ritualists (Snake:1)
  12 mana vipers
  7 lindwurms
  4 thermic dynamos (Elf:1)
  18 harpies
  A steelbarb worm (shapeshifter) (D:15)
  6 phantasmal warriors
  22 ironbound convokers
  A bunyip skeleton (Crypt:3)
  10 necromancers
  8 orc knights
  A broodmother zombie (Crypt:1)
  2 large abominations (Abyss:3)
  2 wolf spiders (Lair:5)
  18 deep elf pyromancers
  19 deep elf zephyrmancers
  39 ugly things
  11 orc sorcerers
  Maurice (D:8)
  17 manticores
  A stone giant zombie (Crypt:1)
  9 moths of wrath
  7 cyclopes
  5 human skeletons
  6 fauns
  A shock serpent zombie (Crypt:1)
  A worldbinder (Abyss:3)
  An ice statue (Lair:3)
  2 apocalypse crabs (Abyss:3)
  8 salamanders
  24 elephants
  10 merfolk sirens
  11 naga magi
  2 fauns (shapeshifter)
  6 water nymphs
  8 guardian serpents
  A titan simulacrum (Vaults:2)
  14 vault sentinels
  A centaur zombie (Crypt:3)
  4 stone giant skeletons
  An orange demon (Lair:1)
  An eye of devastation (Depths:4)
  2 torpor snails
  34 black mambas
  2 water nymphs (shapeshifter)
  A pale draconian zombie (Crypt:2)
  13 cane toads
  4 smoke demons
  6 storm dragon simulacra (IceCv)
  2 gargoyles (D:12)
  10 komodo dragons
  A spectral sea snake (Shoals:4)
  2 freezing wraiths
  A dire elephant skeleton (Crypt:3)
  A shock serpent skeleton (Crypt:1)
  A green draconian zombie (Crypt:1)
  A death yak zombie (Crypt:2)
  A spectral merfolk (Shoals:4)
  An alligator snapping turtle skeleton (Crypt:2)
  2 tengu conjurers (Depths:1)
  An ancient zyme (Abyss:3)
  3 efreet
  3 golden dragon simulacra (IceCv)
  A tormentor (D:5)
  27 yaktaurs
  A pale draconian skeleton (Crypt:1)
  A red devil (D:15)
  A guardian mummy (Crypt:1)
  A yaktaur skeleton (Vaults:2)
  A harpy zombie (Crypt:3)
  35 merfolk
  11 polar bears
  7 trolls
  2 hellwings (Abyss:3)
  5 wind drakes
  8 hornets
  A glass eye (shapeshifter) (D:14)
  2 blink frogs
  9 snapping turtles
  An alligator simulacrum (Crypt:1)
  A fire dragon zombie (Crypt:3)
  2 raiju
  2 spectral manticores (Shoals:4)
  3 glass eyes
  8 dream sheep
  A centaur simulacrum (D:15)
  An air elemental (Elf:1)
  39 slime creatures
  A shadow (D:13)
  A vampire (D:12)
  6 wraiths
  10 wyverns
  14 water elementals
  33 yaks
  A black mamba skeleton (Crypt:3)
  5 basilisks
  Grum (Bailey)
  9 fire elementals
  7 vampire mosquitoes
  8 wargs
  6 redbacks
  4 steam dragons (Volcano)
  A small abomination (Abyss:3)
  21 nagas
  17 hell hounds
  25 water moccasins
  A naga skeleton (Crypt:1)
  2 ogre skeletons
  29 laughing skulls
  6 ice beasts
  2 sky beasts
  13 black bears
  38 orc warriors
  A black mamba simulacrum (Crypt:1)
  19 ogres
  24 wolves
  A boggart (Orc:2)
  10 ice dragon simulacra (IceCv)
  A dream sheep skeleton (Crypt:2)
  9 centaurs
  A phantom (D:4)
  A fire crab zombie (Crypt:1)
  4 bullfrogs
  2 earth elementals
  5 gnoll sergeants
  2 scorpions
  A water nymph simulacrum (Shoals:4)
  3 wights (D:9)
  2 manticore simulacra (Shoals:4)
  2 lindwurm simulacra (IceCv)
  A snapping turtle simulacrum (Shoals:4)
  6 killer bees (D:9)
  2 howler monkeys
  4 electric eels
  A human simulacrum (Vaults:2)
  2 bombardier beetles
  7 gnoll boudas
  6 human zombies
  32 orc priests
  A cyclops simulacrum (Shoals:4)
  4 hounds
  6 jellies
  A centaur skeleton (Crypt:2)
  A sleepcap (D:7)
  An iguana (D:5)
  18 orc wizards
  4 hell rats (Lair:5)
  4 mummies
  27 gnolls
  4 adders
  A shadow imp (D:6)
  A swamp drake skeleton (Crypt:2)
  A white imp (D:7)
  A ribbon worm zombie (Crypt:2)
  2 ufetubi (Abyss:3)
  4 dart slugs
  2 ribbon worms
  75 orcs
  5 ball pythons
  13 endoplasms
  9 giant cockroaches
  8 hobgoblins
  13 jackals
  5 quokkas
  2 bats (D:2)
  4 frilled lizards
  A frilled lizard skeleton (Crypt:1)
  7 goblins
  A hobgoblin zombie (Crypt:2)
  9 kobolds
  11 rats
  An aspiring flesh (Zot:4)
  A lurking horror (Abyss:3)
  4 spectral weapons
  2 starspawn tentacles (Abyss:3)
  6 tentacles
2035 creatures vanquished.

Vanquished Creatures (collateral kills)
  Nikola (Snake:3)
  Frances (D:14)
  An orc warlord (Orc:2)
  2 ironbound preservers
  A dire elephant (Vaults:2)
  A war gargoyle (Vaults:4)
  2 merfolk impalers
  An entropy weaver (Vaults:4)
  2 yaktaur captains
  A boulder beetle (Vaults:2)
  A two-headed ogre (D:8)
  An ironbound frostheart (Vaults:2)
  An alligator snapping turtle (Shoals:4)
  A deep troll earth mage (Vaults:4)
  A death yak (Lair:3)
  A naga warrior (Snake:2)
  A naga sharpshooter (Snake:4)
  An arcanist (Vaults:1)
  A skeletal warrior (Vaults:2)
  3 deep trolls
  2 naga ritualists
  2 harpies (Vaults:3)
  A deep elf pyromancer (Elf:2)
  A deep elf zephyrmancer (Elf:1)
  A necromancer (Vaults:2)
  3 orc knights (Orc:2)
  4 ugly things
  A faun (Shoals:2)
  3 manticores
  2 orc sorcerers (Orc:2)
  A stone giant zombie (Vaults:4)
  A cyclops (Shoals:4)
  A salamander (Snake:4)
  3 elephants
  2 black mambas (Snake:4)
  A spectral merfolk (Shoals:4)
  A cane toad (Lair:3)
  2 yaktaurs
  A rime drake (D:9)
  A human skeleton (Vaults:2)
  3 merfolk
  A troll (Orc:2)
  2 polar bears (Lair:5)
  A wind drake (Shoals:4)
  A hornet (Lair:5)
  A snapping turtle (Shoals:4)
  A raiju (Lair:5)
  2 blink frogs (Lair:3)
  4 dream sheep (Shoals:4)
  5 slime creatures
  3 fire elementals
  A basilisk (Lair:4)
  3 yaks
  A warg (Orc:1)
  A wyvern (Lair:5)
  2 vampire mosquitoes
  4 nagas
  7 water moccasins
  2 hell hounds (Lair:5)
  A swamp drake (D:10)
  13 orc warriors
  5 wolves
  A centaur (D:9)
  2 bullfrogs (Lair:3)
  3 gnoll sergeants (Bailey)
  A snapping turtle simulacrum (Shoals:4)
  An electric eel (Lair:3)
  A jelly (Lair:5)
  5 orc priests
  A gnoll bouda (Bailey)
  6 orc wizards
  2 gnolls
  23 orcs
169 creatures vanquished.

Vanquished Creatures (others)
  A draconian knight (IceCv)
  An ironbound thunderhulk (Vaults:2)
  A white draconian (IceCv)
  A merfolk impaler (Shoals:1)
  A yaktaur captain (Vaults:5)
  2 vault guards (Vaults:5)
  3 dancing weapons (Elf:2)
  A hell hog (Lair:5)
  A deep troll (Depths:2)
  A necromancer (Depths:3)
  A salamander (Snake:4)
  An orc sorcerer (Orc:1)
  A vault sentinel (Vaults:2)
  An air elemental (Elf:2)
  A wyvern (D:8)
  An orc priest (Orc:2)
  An orc (Orc:2)
  4 starspawn tentacles (Abyss:3)
  7 tentacles (Shoals:4)
31 creatures vanquished.

Grand Total: 2235 creatures vanquished

Notes
Turn   | Place    | Note
-------+----------+-------------------------------------------
     0 | D:1      | elliptic the Coglin Reaver began the quest for the Orb.
     0 | D:1      | Reached XP level 1. HP: 16/16 MP: 3/3
     1 | D:1      | Found a runed translucent door.
   244 | D:1      | Reached skill level 1 in Necromancy
   313 | D:1      | Reached XP level 2. HP: 23/23 MP: 4/4
   317 | D:1      | Learned a level 2 spell: Momentum Strike
   480 | D:1      | eh
   547 | D:1      | Reached XP level 3. HP: 28/28 MP: 5/5
   776 | D:2      | hm
   831 | D:2      | Reached skill level 3 in Fighting
   880 | D:2      | hm
   890 | D:2      | Reached XP level 4. HP: 35/35 MP: 6/6
  1428 | D:3      | Reached skill level 4 in Fighting
  1625 | D:3      | Found a burning altar of Makhleb.
  1699 | D:3      | Reached skill level 1 in Evocations
  1949 | D:3      | Reached XP level 5. HP: 23/42 MP: 7/7
  2326 | D:4      | Reached skill level 3 in Evocations
  2427 | D:4      | Reached XP level 6. HP: 49/49 MP: 8/8
  2610 | D:4      | Found a shimmering blue altar of Sif Muna.
  2971 | D:5      | Entered Level 5 of the Dungeon
  3088 | D:5      | Reached skill level 5 in Fighting
  3130 | D:5      | Noticed an ice beast
  3131 | D:5      | hm
  3140 | D:5      | Killed an ice beast
  3141 | D:5      | Reached skill level 3 in Dodging
  3541 | D:5      | Found a sacrificial altar of Ru.
  3554 | D:5      | Reached XP level 7. HP: 38/56 MP: 9/9
  3620 | D:5      | Became a worshipper of Ru the Awakened
  3945 | D:5      | Found a broken altar of Ashenzari.
  3966 | D:5      | Reached skill level 6 in Fighting
  3967 | D:5      | hm
  4145 | D:5      | hm
  4149 | D:5      | Reached skill level 7 in Fighting
  4191 | D:5      | Reached XP level 8. HP: 53/67 MP: 10/10
  4863 | D:6      | Found an opulent altar of Gozag.
  4895 | D:6      | Gained mutation: You are strong-willed. (Will+) [potion of
                  | mutation]
  4895 | D:6      | Gained mutation: You are robust. (+10% HP) [potion of
                  | mutation]
  4895 | D:6      | Gained mutation: You expend magic power (3 MP) to
                  | strengthen your wands. [potion of mutation]
  4896 | D:6      | nice
  4964 | D:6      | Reached skill level 8 in Fighting
  5025 | D:6      | Reached skill level 1 in Armour
  5179 | D:6      | Found a staircase to the Ecumenical Temple.
  5188 | Temple   | Entered the Ecumenical Temple
  5231 | D:6      | hm
  5231 | D:6      | eh only 8 charges
  5231 | D:6      | wait is that giving me extra piety
  5231 | D:6      | Lost mutation: You are strong-willed. (Will+) [Ru
                  | sacrifice]
  5231 | D:6      | Gained mutation: You are slightly weak-willed. (Will-) [Ru
                  | sacrifice]
  5231 | D:6      | Reached * piety under Ru
  5231 | D:6      | Reached ** piety under Ru
  5231 | D:6      | Reached *** piety under Ru
  5247 | D:6      | Found an ancient bone altar of Kikubaaqudgha.
  5276 | D:6      | Reached skill level 3 in Armour
  5345 | D:6      | Found a sparkling altar of Nemelex Xobeh.
  5408 | D:6      | Reached XP level 9. HP: 80/81 MP: 11/11
  5783 | D:6      | Found a stormy altar of Qazlal.
  5893 | D:7      | Reached skill level 1 in Axes
  6092 | D:7      | Identified the +0 robe of Ynerph {rF- Int+4}
  6358 | D:7      | Reached skill level 3 in Axes
  6901 | D:8      | Found a hazy altar of Hepliaklqana.
  7134 | D:8      | Noticed Erica
  7135 | D:8      | is that too late
  7135 | D:8      | probably at +0
  7151 | D:8      | ugh
  7153 | D:8      | oh I forgot curare
  7153 | D:8      | stupid
  7572 | D:8      | eh
  7662 | D:8      | Reached skill level 6 in Axes
  7705 | D:8      | Reached XP level 10. HP: 63/88 MP: 12/12
  7825 | D:8      | Identified the +4 falchion of Honour {holy, Dex+3}
  7842 | D:8      | Found Jeurph's Magic Scroll Shoppe.
  7850 | D:8      | Bought a scroll of teleportation for 36 gold pieces
  7850 | D:8      | Bought a scroll of blinking for 90 gold pieces
  7850 | D:8      | Bought a scroll of teleportation for 36 gold pieces
  7850 | D:8      | Bought a scroll of fear for 48 gold pieces
  7858 | D:7      | Acquired the +16 obsidian axe {drain, demonic, Mesm ^Drain
                  | Fly SInv}
  7858 | D:7      | Found the +16 obsidian axe {drain, demonic, Mesm ^Drain Fly
                  | SInv}
  7914 | D:8      | Found a snail-covered altar of Cheibriados.
  7919 | D:8      | Found an iron altar of Okawaru.
  8015 | D:9      | Reached skill level 9 in Axes
  8059 | D:9      | Noticed a two-headed ogre
  8078 | D:9      | Killed a two-headed ogre
  8098 | D:9      | Found a staircase to the Lair.
  8203 | D:9      | Gained mutation: You are somewhat unskilled. (-1 Apt) [Ru
                  | sacrifice]
  8203 | D:9      | Reduced skill Fighting to level 7
  8203 | D:9      | Reduced skill Axes to level 9
  8203 | D:9      | Reduced skill Maces & Flails to level 1
  8203 | D:9      | Reduced skill Necromancy to level 1
  8203 | D:9      | Reduced skill Evocations to level 3
  8203 | D:9      | Reached **** piety under Ru
  8229 | D:9      | Found a basalt altar of Yredelemnul.
  8293 | D:9      | Noticed a two-headed ogre
  8301 | D:9      | Killed a two-headed ogre
  8633 | D:10     | Entered Level 10 of the Dungeon
  8671 | D:10     | Found a flagged portal.
  8690 | Bailey   | Entered a bailey
  8822 | Bailey   | hm
  9016 | Bailey   | Reached XP level 11. HP: 70/92 MP: 13/13
  9029 | Bailey   | Noticed Grum
  9030 | Bailey   | uh
  9035 | Bailey   | Killed Grum
  9115 | Bailey   | Got the Compendium of Darkness
  9280 | D:8      | Bought a scroll of acquirement for 624 gold pieces
  9280 | D:8      | Acquired the +0 hat "Ujucvotz" {Str+6}
  9437 | D:10     | Reached skill level 3 in Armour
  9504 | D:10     | Found a staircase to the Orcish Mines.
  9997 | D:10     | Found an ornate altar of the Wu Jian Council.
 10227 | D:11     | Found Kuovowim's Weapon Emporium.
 10420 | D:11     | Identified the staff of Lugonu's Anger {rElec rF- Str+3
                  | Dex+5 Air}
 10453 | D:11     | Noticed a cyclops
 10459 | D:11     | Killed a cyclops
 10527 | D:11     | Gained mutation: You cannot study or cast Air magic. [Ru
                  | sacrifice]
 10527 | D:11     | Gained mutation: You cannot study or cast Hexes magic. [Ru
                  | sacrifice]
 10527 | D:11     | Gained mutation: You cannot study or cast Necromancy magic.
                  | [Ru sacrifice]
 10527 | D:11     | Reached ***** piety under Ru
 10712 | D:11     | Reached skill level 12 in Axes
 10897 | D:8      | Noticed Maurice
 10911 | D:8      | Killed Maurice
 10915 | D:8      | Noticed a two-headed ogre
 10922 | D:8      | Killed a two-headed ogre
 10923 | D:8      | Reached skill level 6 in Armour
 10993 | D:8      | Found a radiant altar of Vehumet.
 10993 | D:8      | Found a shimmering altar of Xom.
 11182 | D:8      | Found a glowing golden altar of the Shining One.
 11732 | D:8      | Killed Erica
 11959 | D:8      | Bought a scroll of enchant armour for 90 gold pieces
 12029 | Lair:1   | Entered Level 1 of the Lair of Beasts
 12034 | Lair:1   | Reached XP level 12. HP: 76/100 MP: 14/14
 12269 | Lair:1   | Noticed Amaemon
 12271 | Lair:1   | hm
 12282 | Lair:1   | Killed Amaemon
 12731 | Lair:1   | Noticed a catoblepas
 12739 | Lair:1   | Killed a catoblepas
 12740 | Lair:1   | Reached skill level 8 in Fighting
 13093 | Lair:2   | Found a dark tunnel.
 13112 | Volcano  | Entered a volcano
 13453 | Volcano  | Found the +0 cloak of the Thief {Quiet Slay-3 SInv Stlth+}
 13453 | Volcano  | Noticed a fire dragon
 13464 | Volcano  | Killed a fire dragon
 13465 | Volcano  | Gained mutation: You cannot voluntarily change form. [Ru
                  | sacrifice]
 13522 | Volcano  | vaguely considering hand cannon
 13522 | Volcano  | probably not though
 13730 | Lair:2   | Found a shimmering altar of Xom.
 14011 | Lair:2   | Noticed a death yak
 14020 | Lair:2   | Killed a death yak
 14055 | Lair:2   | Noticed a four-headed hydra
 14061 | Lair:2   | Killed a six-headed hydra
 14298 | Lair:3   | Noticed a death yak
 14298 | Lair:3   | Noticed a death yak
 14299 | Lair:3   | hm
 14307 | Lair:3   | Noticed a death yak
 14309 | Lair:3   | Killed a death yak
 14310 | Lair:3   | Noticed a death yak
 14310 | Lair:3   | Noticed a death yak
 14313 | Lair:3   | Killed a death yak
 14314 | Lair:3   | Reached XP level 13. HP: 107/107 MP: 15/15
 14319 | Lair:3   | Reached skill level 15 in Axes
 14403 | Lair:3   | Reached skill level 9 in Fighting
 14828 | Lair:3   | Identified the +0 robe "Votadaug" {rElec rC+ Dex-5 Stlth+}
 14904 | Lair:3   | Found a staircase to the Shoals.
 15331 | Lair:3   | Found a staircase to the Snake Pit.
 16056 | Lair:4   | Reached skill level 10 in Fighting
 16236 | Lair:4   | Reached XP level 14. HP: 98/121 MP: 16/16
 16236 | Lair:4   | Acquired a dynamic ramjet {Will+ Regen+ RegenMP+ Slay+3}
 16659 | Lair:5   | Entered Level 5 of the Lair of Beasts
 16865 | Lair:5   | Identified the +5 ring mail of Vonk {Int+4}
 17273 | Lair:5   | Reached skill level 18 in Axes
 17373 | Lair:5   | Reached skill level 6 in Dodging
 17393 | Lair:5   | Reached XP level 15. HP: 119/128 MP: 17/17
 17439 | Lair:5   | Reached skill level 11 in Fighting
 17613 | Lair:5   | Found a staircase to the Slime Pits.
 17613 | Lair:5   | Found a viscous altar of Jiyva.
 17950 | Lair:5   | Reached skill level 9 in Armour
 18839 | Orc:1    | Entered Level 1 of the Orcish Mines
 19299 | Orc:2    | Entered Level 2 of the Orcish Mines
 19299 | Orc:2    | Found a staircase to the Elven Halls.
 19331 | Orc:2    | Found Nag Zuem's Jewellery Emporium.
 19684 | Orc:2    | Reached skill level 12 in Fighting
 19696 | Orc:2    | oh it doesn't hurt summons, cool
 19762 | Orc:2    | Noticed an orc warlord
 19770 | Orc:2    | nice
 19771 | Orc:2    | Killed an orc warlord
 19803 | Orc:2    | Noticed an orc warlord
 19804 | Orc:2    | Reached skill level 13 in Fighting
 19809 | Orc:2    | Killed an orc warlord
 19835 | Orc:2    | Reached XP level 16. HP: 108/143 MP: 15/18
 19846 | Orc:2    | Paralysed by an orc sorcerer for 5 turns
 19854 | Orc:2    | Found Amuryith's Antique Armour Boutique.
 19931 | Orc:2    | Found a roughly hewn altar of Beogh.
 20171 | Orc:2    | Found Zolurgh's General Store.
 20171 | Orc:2    | Found Hiaceott's Jewellery Boutique.
 20173 | Orc:2    | Found Onarot's Antique Weapon Shop.
 20460 | Orc:2    | Bought a glowing broad axe for 210 gold pieces
 20462 | Orc:2    | Bought a pair of glowing gloves for 232 gold pieces
 21293 | D:13     | Found a gate to the Vaults.
 21767 | D:14     | Noticed Lodul
 21773 | D:14     | Killed Lodul
 21794 | D:14     | Noticed Rupert
 21803 | D:14     | Killed Rupert
 22121 | D:14     | Noticed Frances
 22126 | D:14     | Killed Frances
 22202 | D:14     | Found a sparkling altar of Nemelex Xobeh.
 22588 | D:15     | Entered Level 15 of the Dungeon
 22782 | D:15     | Noticed Azrael
 22793 | D:15     | Killed Azrael
 22844 | D:15     | Found a runed translucent gate.
 22845 | D:15     | Found a runed translucent gate.
 22845 | D:15     | Found an ancient bone altar of Kikubaaqudgha.
 22966 | D:15     | Paralysed by an ogre mage for 5 turns
 23434 | D:15     | Reached skill level 12 in Armour
 23439 | D:15     | Reached skill level 14 in Fighting
 23440 | D:15     | Found a staircase to the Depths.
 23513 | D:15     | Found a runed translucent gate.
 23576 | D:15     | Noticed a lich
 23576 | D:15     | Noticed a lich
 23576 | D:15     | Noticed Iranwisias's ghost (journeyman KoHu)
 23576 | D:15     | Noticed a lich
 23576 | D:15     | Noticed a lich
 24062 | Snake:1  | Entered Level 1 of the Snake Pit
 24293 | Snake:1  | Reached XP level 17. HP: 142/152 MP: 19/19
 24360 | Snake:1  | Reached skill level 9 in Dodging
 25022 | Snake:2  | Noticed Agnes
 25028 | Snake:2  | Killed Agnes
 25089 | Snake:2  | Found a shimmering altar of Xom.
 25248 | Snake:2  | Identified the serpent talisman "Zuleg" {Int+2}
 25248 | Snake:2  | Noticed Aizul
 25261 | Snake:2  | Killed Aizul
 25262 | Snake:2  | Reached skill level 15 in Fighting
 25495 | Snake:3  | Noticed Saint Roka
 25504 | Snake:3  | Killed Saint Roka
 25595 | Snake:3  | Noticed Nikola
 25609 | Snake:3  | Killed Nikola
 25717 | Snake:3  | Found a transporter.
 25720 | Snake:3  | Found a transporter.
 25726 | Snake:3  | Found a transporter.
 25732 | Snake:3  | Found a transporter.
 25802 | Snake:3  | Found a transporter.
 25809 | Snake:3  | Found a transporter.
 25852 | Snake:3  | Found Xupit's Assorted Antiques.
 26006 | Snake:3  | Found a bloodstained altar of Trog.
 26221 | Snake:4  | Entered Level 4 of the Snake Pit
 26228 | Snake:4  | Identified the staff "Voyt" {rC+ Str+4 Dex-4 Conj}
 26437 | Snake:4  | ow
 26448 | Snake:3  | why
 26543 | Snake:4  | Reached XP level 18. HP: 120/134 MP: 13/20
 26696 | Snake:4  | Found Zoisch's Book Shoppe.
 26789 | Snake:4  | Noticed a quicksilver dragon
 26794 | Snake:4  | Killed a quicksilver dragon
 27125 | Snake:4  | Got a serpentine rune of Zot
 27312 | Shoals:1 | Entered Level 1 of the Shoals
 27345 | Shoals:1 | Found Jynem's Distillery.
 27370 | Shoals:1 | Bought a potion of invisibility for 96 gold pieces
 27431 | Shoals:1 | Reached skill level 16 in Fighting
 27462 | Shoals:1 | Found Ekafow's Magic Scroll Boutique.
 28180 | Shoals:2 | Noticed Polyphemus
 28185 | Shoals:2 | Killed Polyphemus
 28606 | Shoals:2 | Gained mutation: You cannot be stealthy. [Ru sacrifice]
 29281 | Shoals:3 | Found a runed translucent door.
 29288 | Shoals:3 | Noticed cforsyth's ghost (adept MDNe)
 29352 | Shoals:3 | Reached skill level 17 in Fighting
 29355 | Shoals:3 | Reached XP level 19. HP: 131/177 MP: 21/21
 29559 | Shoals:3 | Killed cforsyth's ghost
 29602 | Shoals:4 | Entered Level 4 of the Shoals
 29610 | Shoals:4 | Found a runed translucent gate.
 29610 | Shoals:4 | Found a runed translucent gate.
 29610 | Shoals:4 | Found a runed translucent gate.
 29616 | Shoals:4 | Found a glacial archway.
 29633 | Shoals:4 | hm
 29634 | IceCv    | Entered an ice cave
 29862 | IceCv    | ow?
 29862 | IceCv    | uh
 30074 | IceCv    | Identified the amulet of Tekk {Reflect Dex+3 Slay+3 SH+5}
 30111 | IceCv    | Identified the ring of Guofie {Will+ Slay+2}
 30146 | IceCv    | yay
 30171 | IceCv    | fire resistance could be annoying but will worry about it
                  | later
 30307 | Shoals:1 | Bought a scroll of enchant armour for 135 gold pieces
 30458 | Snake:3  | Bought a scroll of enchant armour for 270 gold pieces
 30657 | Shoals:4 | Found Ding's Armour Emporium.
 30725 | Shoals:4 | Found Dik Xosk's Gadget Gallery.
 30922 | Shoals:4 | Noticed Ilsuiw
 30930 | Shoals:4 | Killed Ilsuiw
 30937 | Shoals:4 | Reached skill level 15 in Armour
 31391 | Shoals:4 | Noticed cforsyth's ghost (adept DjFE)
 31452 | Shoals:4 | Got a barnacled rune of Zot
 31507 | Shoals:4 | Gained mutation: You are dopey. (Int -2) [Ru sacrifice]
 31507 | Shoals:4 | Reached ****** piety under Ru
 31651 | Shoals:4 | Killed cforsyth's ghost
 31987 | D:15     | Killed Iranwisias's ghost
 31997 | D:15     | Identified the amulet "Japimaept" {Spirit ^Drain rC+ MP+9
                  | Int+3}
 32002 | D:15     | Identified the +0 hat of Wumoph {rF+++ rC- Regen+ SInv}
 32004 | D:15     | okay
 32010 | D:15     | elf sort of scary here but I do want to get to blade
 32332 | Shoals:4 | Bought a lightning rod (4/4) for 560 gold pieces
 32558 | Elf:1    | Entered Level 1 of the Elven Halls
 32690 | Elf:1    | Found Dushro Izun's Distillery.
 32693 | Elf:1    | Found a runed translucent door.
 32699 | Elf:1    | Bought a potion of heal wounds for 75 gold pieces
 32699 | Elf:1    | Bought a potion of curing for 45 gold pieces
 32699 | Elf:1    | Bought 2 potions of curing for 90 gold pieces
 32712 | Elf:1    | Noticed Qikim's ghost (journeyman GrEE)
 32714 | Elf:1    | eh
 32719 | Elf:1    | Killed Qikim's ghost
 32759 | Elf:1    | Identified the +10 dagger of the Freezing Gods {freeze, Fly
                  | Str-3 Int+4}
 32836 | Elf:1    | Reached skill level 18 in Fighting
 32862 | Elf:1    | Paralysed by an air elemental for 1 turns
 32999 | Elf:1    | Identified the +0 ring mail of the Hills {Will+ Stlth+}
 33089 | Elf:1    | Reached XP level 20. HP: 188/188 MP: 22/22
 33328 | Elf:2    | meh
 33339 | Elf:2    | sigh
 33673 | Elf:2    | Found a runed translucent gate.
 33673 | Elf:2    | Found a runed translucent gate.
 33673 | Elf:2    | Found a runed translucent gate.
 34631 | D:8      | Bought a scroll of revelation for 90 gold pieces
 34794 | Shoals:1 | Bought a scroll of revelation for 135 gold pieces
 35020 | Elf:3    | Entered Level 3 of the Elven Halls
 35022 | Elf:3    | meh
 35182 | Vaults:1 | Entered Level 1 of the Vaults
 35243 | Vaults:1 | Reached skill level 19 in Fighting
 35333 | Vaults:1 | Noticed Donald
 35336 | Vaults:1 | Killed Donald
 36364 | Vaults:1 | Found Binteir's Antique Armour Shoppe.
 36553 | Vaults:2 | Reached XP level 21. HP: 199/199 MP: 23/23
 36612 | Vaults:2 | Found a staircase to the Crypt.
 36986 | Vaults:2 | Reached skill level 20 in Fighting
 37119 | Vaults:2 | Found Zygyujet's Antique Armour Shop.
 37474 | Vaults:2 | Reached skill level 18 in Armour
 37674 | Vaults:3 | Noticed Jory
 37681 | Vaults:3 | Killed Jory
 37692 | Vaults:3 | hm
 37692 | Vaults:3 | Identified the orb "Roprem" {light, Harm Will+}
 37692 | Vaults:3 | Noticed Frederick
 38269 | Vaults:3 | Noticed Mara
 38270 | Vaults:3 | sigj
 38270 | Vaults:3 | sigh
 38270 | Vaults:3 | Noticed elliptic's illusion
 38277 | Vaults:3 | Killed Mara
 38590 | Vaults:3 | Killed Frederick
 39026 | Vaults:4 | Reached XP level 22. HP: 184/185 MP: 24/24
 39090 | Vaults:4 | Reached skill level 21 in Fighting
 39860 | Vaults:4 | sort of think I give up axe now
 40035 | Crypt:1  | Entered Level 1 of the Crypt
 40398 | Crypt:1  | hm
 40398 | Crypt:1  | Noticed Margery
 40403 | Crypt:1  | meh
 40426 | Crypt:1  | Killed Margery
 42298 | Crypt:3  | Entered Level 3 of the Crypt
 42446 | Crypt:3  | Noticed Khufu
 42446 | Crypt:3  | Noticed a royal mummy
 42446 | Crypt:3  | Noticed a royal mummy
 42447 | Crypt:3  | why
 42478 | Crypt:2  | hm
 42638 | Crypt:3  | Killed a royal mummy
 42684 | Crypt:3  | Killed Khufu
 42685 | Crypt:3  | Reached skill level 22 in Fighting
 42887 | Crypt:3  | Killed a royal mummy
 42935 | Crypt:3  | Found a staircase to the Tomb.
 42949 | Crypt:3  | Identified the staff of the Lonely Planets {rElec rN+ Will+
                  | Str-2 Summ Necro}
 42978 | Crypt:3  | Paralysed by a vampire knight for 5 turns
 43103 | Crypt:3  | Reached XP level 23. HP: 211/220 MP: 25/25
 43210 | Crypt:3  | Identified the ring of Moderation {Will+ Str+4 Int+5 Dex+6}
 43480 | Crypt:3  | Found an ancient bone altar of Kikubaaqudgha.
 43480 | Crypt:3  | Noticed a dread lich
 43488 | Crypt:3  | Killed a dread lich
 44032 | Vaults:1 | Bought a runed scarf for 272 gold pieces
 44215 | Depths:1 | Entered Level 1 of the Depths
 44648 | Depths:1 | Found a gateway to Hell.
 44869 | Depths:1 | Found a hazy altar of Hepliaklqana.
 44896 | Depths:1 | Found a one-way gate to the infinite horrors of the Abyss.
 45010 | Depths:2 | Reached skill level 23 in Fighting
 45350 | Depths:2 | Found a one-way gate leading to the halls of Pandemonium.
 45360 | Depths:2 | Found a runed translucent door.
 45397 | Depths:2 | Reached skill level 12 in Dodging
 45497 | Depths:2 | Found a portal to a secret trove of treasure.
 45892 | Depths:2 | Noticed killozap's ghost (veteran TrFi)
 45911 | Depths:2 | Killed killozap's ghost
 46020 | Depths:3 | Reached XP level 24. HP: 226/235 MP: 25/25
 46293 | Depths:3 | Reached skill level 21 in Armour
 46337 | Depths:3 | Noticed a juggernaut
 46347 | Depths:3 | Killed a juggernaut
 46366 | Depths:3 | Noticed a juggernaut
 46384 | Depths:3 | Killed a juggernaut
 46447 | Depths:3 | Identified the +1 broad axe of Ruvyof {freeze, SInv}
 46650 | Depths:3 | Found Tiujeng's Jewellery Shoppe.
 46650 | Depths:3 | Found Netsinen's Book Boutique.
 46651 | Depths:3 | Found Labuy's Book Boutique.
 47015 | Depths:2 | Acquired 1150 gold pieces
 47110 | Depths:4 | Entered Level 4 of the Depths
 47110 | Depths:4 | Found Riehas's Distillery.
 47129 | Depths:4 | Bought a potion of heal wounds for 95 gold pieces
 47129 | Depths:4 | Bought a potion of curing for 57 gold pieces
 47129 | Depths:4 | Bought a potion of curing for 57 gold pieces
 47129 | Depths:4 | Bought a potion of cancellation for 152 gold pieces
 47158 | Depths:4 | Noticed Vv
 47178 | Depths:4 | Killed Vv
 47435 | Depths:4 | Found Boh Teno's Distillery.
 47443 | Depths:4 | Bought a potion of heal wounds for 105 gold pieces
 47443 | Depths:4 | Bought a potion of mutation for 168 gold pieces
 47443 | Depths:4 | Bought a potion of might for 84 gold pieces
 47443 | Depths:4 | Bought a potion of curing for 63 gold pieces
 47443 | Depths:4 | Bought a potion of curing for 63 gold pieces
 47672 | Depths:4 | Found a shimmering altar of Xom.
 47937 | Depths:4 | Reached skill level 24 in Fighting
 48081 | Depths:4 | Found a one-way gateway to a ziggurat.
 48142 | Depths:4 | Found a gate to the Realm of Zot.
 48744 | Vaults:5 | Entered Level 5 of the Vaults
 49035 | Vaults:5 | sigh
 49045 | Vaults:5 | Identified the +1 double sword of Interdependent Arising
                  | {speed, +Blink rElec rPois}
 49080 | Vaults:5 | Identified the +10 orcbow of Watchfulness {antimagic, rPois
                  | SInv}
 49080 | Vaults:5 | Identified the ring "Ulocowimm" {rCorr Dex+4 SInv}
 49093 | Vaults:5 | Reached XP level 25. HP: 223/246 MP: 25/25
 49099 | Vaults:5 | Identified the +4 whip "Liucuekh" {flame, rC- Int+4}
 49132 | Vaults:5 | Paralysed by something for 5 turns
 49135 | Vaults:5 | Identified the +8 war axe of Conformity {antimagic, rElec}
 49459 | Vaults:5 | Reached skill level 25 in Fighting
 49491 | Vaults:5 | Identified the +7 orcbow of Oduw {freeze, Fly Int+5 Stlth+}
 49493 | Vaults:5 | Identified the +0 robe of the Past {rF- rN++}
 49508 | Vaults:5 | Identified the +7 dagger "Keihieso" {spect, rF+ Str+2
                  | Int+5}
 49512 | Vaults:5 | Noticed a dread lich
 49514 | Vaults:5 | Paralysed by a dread lich for 4 turns
 49519 | Vaults:5 | Killed a dread lich
 49529 | Vaults:5 | Got a silver rune of Zot
 49929 | Vaults:5 | Identified the +10 dagger "Odytunla" {freeze, rPois Int+2
                  | Dex+4 Stlth-}
 49946 | Vaults:5 | Identified the staff of Zeumiona {Fly rElec Int+3 Dex-5
                  | Conj}
 49947 | Abyss:3  | Cast into level 3 of the Abyss (a deep elf sorcerer)
 49948 | Abyss:3  | sigh
 50154 | Abyss:3  | Got an abyssal rune of Zot
 50227 | Abyss:3  | Paralysed by accursed screaming for 1 turns
 50299 | Vaults:5 | Escaped the Abyss
 50310 | Vaults:5 | Reached skill level 26 in Fighting
 50337 | Vaults:5 | Identified the +1 orcbow "Laeme" {drain, rPois rCorr Str-4
                  | Dex+2}
 50427 | Vaults:5 | Identified the +7 plate armour "Picemoont" {rElec rF-
                  | Int+3}
 50638 | Vaults:5 | hm
 50997 | Orc:2    | Bought a throwing net for 45 gold pieces
 51106 | Elf:1    | Bought a potion of enlightenment for 75 gold pieces
 51106 | Elf:1    | Bought 2 potions of mutation for 240 gold pieces
 51106 | Elf:1    | Bought a potion of resistance for 150 gold pieces
 51106 | Elf:1    | Bought a potion of invisibility for 120 gold pieces
 51106 | Elf:1    | Bought a potion of mutation for 120 gold pieces
 51106 | Elf:1    | Bought a potion of mutation for 120 gold pieces
 51286 | Shoals:1 | Bought a potion of enlightenment for 60 gold pieces
 51286 | Shoals:1 | Bought a potion of enlightenment for 60 gold pieces
 51286 | Shoals:1 | Bought a potion of haste for 120 gold pieces
 51286 | Shoals:1 | Bought a potion of magic for 96 gold pieces
 51363 | Shoals:4 | Bought a wand of digging (6) for 352 gold pieces
 51739 | Depths:4 | Bought a potion of invisibility for 152 gold pieces
 51739 | Depths:4 | Bought a potion of enlightenment for 95 gold pieces
 51773 | Depths:4 | Bought 2 potions of enlightenment for 210 gold pieces
 51773 | Depths:4 | Bought a potion of enlightenment for 105 gold pieces
 51773 | Depths:4 | vaguely want to elf
 51798 | Zot:1    | Entered Level 1 of the Realm of Zot
 52095 | Zot:4    | I guess?
 52163 | Zot:5    | Entered Level 5 of the Realm of Zot
 52244 | Zot:5    | Reached XP level 26. HP: 198/264 MP: 25/25
 52668 | Zot:5    | Got a prismatic gem with 169 turns to spare
 52704 | Zot:5    | Noticed an ancient lich
 52716 | Zot:5    | Killed an ancient lich
 52738 | Zot:5    | Reached skill level 27 in Fighting
 52742 | Zot:5    | Noticed an orb of fire
 52755 | Zot:5    | Noticed a Killer Klown
 52756 | Zot:5    | Killed an orb of fire
 52763 | Zot:5    | Killed a Killer Klown
 52768 | Zot:5    | Noticed an orb of fire
 52776 | Zot:5    | Gained mutation: You do not regenerate when monsters are
                  | visible. [an orb of fire]
 52778 | Zot:5    | Noticed a Killer Klown
 52784 | Zot:5    | Killed an orb of fire
 52788 | Zot:5    | Killed a Killer Klown
 52790 | Zot:5    | Noticed an electric golem
 52791 | Zot:5    | Noticed a Killer Klown
 52793 | Zot:5    | Noticed an ancient lich
 52803 | Zot:5    | Killed an ancient lich
 52808 | Zot:5    | Killed a Killer Klown
 52820 | Zot:5    | Killed an electric golem
 52947 | Zot:5    | Got the Orb of Zot
 52962 | Zot:5    | Noticed an ancient lich
 52962 | Zot:5    | Noticed an orb of fire
 52962 | Zot:5    | Noticed an electric golem
 53005 | Zot:2    | Noticed Seshuyle the pandemonium lord
 53028 | Zot:1    | why
 53243 | D:13     | Noticed Tiesmuax the pandemonium lord
 53484 | D:$      | Escaped with the Orb!

Levels and vault maps discovered:
D:1:      dpeg_arrival_caged_fury, layout_basic, minmay_tree_intersection,
          minmay_circled_x
D:2:      layout_rooms, minmay_distorted
D:3:      layout_loops_ring, lemuel_coloured_pillars_altar
D:4:      layout_basic, nicolae_sif_muna_little_library
D:5:      layout_loops_ring, nicolae_ru_sacrificial_ziggurat,
          lemuel_round_altar, minmay_crystal_room, kennysheep_generic_room_5
D:6:      layout_basic, gammafunk_temple_overflow_statue,
          nicolae_gozag_cash_rules_everything_around_me, kennysheep_mini,
          minmay_temple_entry_poolview
D:7:      layout_basic
D:8:      layout_basic, nicolae_tso_swordbearing_angel, okawaru_gym_becter,
          nicolae_overflow_hidden_temple, gammafunk_temple_overflow_wave,
          nicolae_overflow_crystal_walls, serial_shops, shop,
          roderic_nine_men_s_morris, uniq_erica, uniq_maurice
D:9:      layout_small_grid, mainiacjoe_overflow_six_doors_small,
          hellmonk_lair_entry_icy
D:10:     layout_cave_pools, general_overflow_altar, erik_orc_1, enter_bailey_4,
          serial_column_ruins, column_ruins_hut, column_ruins_hut_water,
          column_ruins_grid_1, column_ruins_open_small,
          column_ruins_corridor_corner, column_ruins_corridor_corner,
          column_ruins_corridor_corner, column_ruins_corridor_straight,
          column_ruins_columns_corner
D:11:     layout_roguey, serial_shops, shop
D:12:     layout_roguey
D:13:     layout_layer_cave, david_vaults_5, drop_trap, minivault_11,
          minmay_misc_feat_tower, serial_bayou_pond_c
D:14:     layout_basic, nemelex_altar_shiori, uniq_frances, uniq_rupert,
          uniq_lodul
D:15:     gammafunk_enter_depths_forms, layout_long_grid, gammafunk_ghost_crypt,
          grunt_decor_resistance, minmay_puff, uniq_azrael
Temple:   hellmonk_temple_rainy
Lair:1:   layout_big_grid, grunt_megastairs_2, uniq_amaemon
Lair:2:   layout_chaotic_city, basic_altar, enter_volcano_2,
          serial_bayou_pond_e, beast_lair_carwin_9
Lair:3:   statuecave_lemuel, layout_small_grid, minmay_shoals_entry_hut,
          alex1729_snake_entry_snake, gammafunk_lair_bear_cave
Lair:4:   layout_layer_cave, grunt_megastairs_4, infiniplex_staircase_pool_2
Lair:5:   hangedman_lair_tendril_chambers, layout_regular_city,
          hangedman_lair_caniforms_friends, nicolae_slime_entry_slimehenge,
          st_stairs_4, serial_bayou_lagoon_a, chequers_serial_rivers_small_b,
          hellmonk_talismancer
Shoals:1: layout_shoals, serial_shops, shop,
          nicolae_shop_temple_entry_statues_fountains,
          nicolae_shoals_flooded_hall
Shoals:2: layout_shoals, nicolae_shoals_so_close, uniq_polyphemus
Shoals:3: layout_shoals, ebering_ghost_reflecting_pool, nicolae_shoals_loop_pool
Shoals:4: shoals_end_hangedman, layout_shoals, shoals_ilsuiw_alternative,
          gammafunk_ghost_necromancy, serial_shops, nicolae_shop_statue_plus,
          portal_ice_cave_entry_pillars_2, nicolae_shop_gadgets
Snake:1:  layout_cave_pods
Snake:2:  layout_onion_interference, basic_altar, serial_bayou_shore_b,
          uniq_aizul, uniq_agnes
Snake:3:  layout_cave_town, basic_altar, serial_shops, shop,
          serial_nicolae_subway, nicolae_sub_station_stone,
          nicolae_sub_station_crystal, nicolae_sub_station_metal, uniq_nikola,
          uniq_saint_roka
Snake:4:  hellmonk_snake_rune_quicksilver_temple, layout_cave_town,
          serial_shops, shop, lemuel_fruit_tree
Orc:1:    layout_caves
Orc:2:    st_orc_congregation, layout_diamond_mine, serial_shops, shop,
          lightli_church_of_beogh
Elf:1:    kennysheep_room_grid, layout_geoelf_grid,
          ebering_ghost_reflecting_pool, serial_shops,
          nicolae_shop_industrial_runoff, minmay_elf_crystal_hexagon
Elf:2:    nicolae_elf_blades_splatter_lattice
          [nicolae_vaults_blade_armed_guards], layout_loops_cross
Elf:3:    minmay_elf_hall_statues, layout_loops_cross,
          nicolae_elf_deep_friendship, uniq_bai_suzhen, uniq_louise
Vaults:1: grunt_vaults_funnel, ontoclasm_vaults_ring_small,
          ontoclasm_vaults_ring_square, nicolae_vaults_offset_grid_hallway_1,
          nicolae_vaults_off_center_swirl, nicolae_vaults_meiosis, v_misc_31,
          hangedman_vaults_nodes, nicolae_vaults_lightning_bolt,
          vaults_mumra_hexcomb, v_misc_5, layout_vaults_big_cross, serial_shops,
          shop, uniq_donald
Vaults:2: nicolae_vaults_triangles, nicolae_vaults_more_shelving_2,
          minmay_crypt_entry_skeletal_spiral, nicolae_vaults_house_1,
          nicolae_vaults_diamond_2, nicolae_vaults_shipping_containers_3,
          vaults_standard_mumra_x, vaults_mumra_chevron,
          nicolae_vaults_stepped_doors, hangedman_vaults_snaps,
          nicolae_vaults_tangram_1, dpeg_vaults_monster_row,
          nicolae_vaults_apartment_1, layout_vaults_maze, serial_shops,
          nicolae_shop_temple_entry_statues_fountains
Vaults:3: nicolae_vaults_trapezoid_lopsided_3, v_pattern_5,
          hangedman_vaults_restitches, nicolae_vaults_circle_grid_a, v_misc_12,
          vaults_room_pool, layout_vaults_omnigrid, serial_magic_research,
          uniq_frederick, uniq_mara, uniq_jory
Vaults:4: hangedman_vaults_slither, v_alt_pattern_1,
          nicolae_vaults_library_corner, hangedman_vaults_capsules,
          ontoclasm_vaults_ring_large, nicolae_vaults_mitosis,
          vaults_dpeg_spiral, nicolae_vaults_twisting_passages,
          grunt_vaults_hallway_short, nicolae_vaults_house_1, vaults_room_fours,
          nicolae_vaults_tetromino_T_2, layout_vaults_ring
Vaults:5
Crypt:1:  layout_gridlike, grunt_megastairs_5, grunt_crypt_arrival_guarded_gate,
          uniq_margery
Crypt:2:  layout_misc_corridors
Crypt:3:  cryptofortress_bobbens, uniq_khufu
Depths:1: layout_forbidden_donut, serial_bayou_shore_b, grunt_metal_band,
          abyss_entry_crystal, nicolae_hepliaklqana_monster_ancestors,
          hangedman_decor_cross_pass
Depths:2: minmay_isolated_rectangles_in_corner, layout_cave_pools,
          ebering_ghost_reflecting_pool, enter_trove_6,
          minmay_misc_feat_more_columns, grunt_hell_entry_dis_mu, pan_entry
Depths:3: minmay_stepped, layout_honeycomb, hell_entry, abyss_entry,
          serial_sigils_hangedman_shear, minmay_shop_grove,
          infiniplex_staircase_door_maze
Depths:4: grunt_zot_entry_bicorn, layout_basic, enter_ziggurat_c, serial_shops,
          nicolae_shop_hallway_stairs, hangedman_geh_valley,
          regret_index_xom_buried_treasure, serial_bayou_ford_a,
          minmay_shop_star, uniq_vv
Zot:1:    layout_misc_corridors
Zot:2:    grunt_deathspiral_small, layout_onion_interference,
          ebering_ghost_rock_garden
Zot:3:    grunt_twist_and_shout, layout_cathedral_of_symmetry,
          regret_index_zotdec_barnacled_simple, grunt_ministairs_5,
          skrybe_zot_glass_1
Zot:4:    lemuel_firehouse, layout_concentric_octagons
Zot:5:    layout_concentric_octagons

Action                     |  1- 3 |  4- 6 |  7- 9 | 10-12 | 13-15 | 16-18 | 19-21 | 22-24 | 25-27 || total
---------------------------+-------+-------+-------+-------+-------+-------+-------+-------+-------++-------
  Melee: Short sword       |    51 |     2 |       |       |       |       |       |       |       ||    53
         Falchion          |    54 |   120 |   111 |       |       |       |       |       |       ||   285
         Mace              |       |   121 |   215 |   133 |       |       |       |       |       ||   469
         War axe           |       |       |   107 |    86 |    40 |       |       |       |       ||   233
         Broad axe         |       |       |       |   265 |   802 |  1170 |  1489 |  2055 |  1094 ||  6875
  Throw: Dart              |     4 |     6 |    15 |    14 |     1 |     3 |     2 |     3 |     3 ||    51
 Invoke: Sacrifice Essence |       |       |     1 |       |       |       |       |       |       ||     1
         Sacrifice Skill   |       |       |       |     1 |       |       |       |       |       ||     1
         Sacrifice Arcana  |       |       |       |     1 |       |       |       |       |       ||     1
         Sacrifice Forms   |       |       |       |     1 |       |       |       |       |       ||     1
         Reject Sacrifices |       |       |       |       |     2 |     1 |       |       |       ||     3
         Apocalypse        |       |       |       |       |     3 |     6 |     8 |     3 |     1 ||    21
         Sacrifice Stealth |       |       |       |       |       |     1 |       |       |       ||     1
         Sacrifice Purity  |       |       |       |       |       |       |     1 |       |       ||     1
Ability: Invent Gizmo      |       |       |       |       |     1 |       |       |       |       ||     1
  Evoke: Wand              |       |     2 |    14 |       |     4 |     1 |     1 |     1 |     2 ||    25
         Box of beasts     |       |       |       |       |     1 |       |       |       |       ||     1
    Use: Scroll            |       |    10 |     7 |    19 |     9 |     3 |    15 |     7 |    13 ||    83
         Potion            |       |       |     1 |       |       |     1 |     4 |     3 |    20 ||    29
   Stab: Distracted        |     1 |       |       |     3 |     7 |    10 |    10 |    12 |     7 ||    50
         Fleeing           |       |       |       |     1 |       |       |       |       |       ||     1
         Invisible         |       |       |       |     1 |     3 |    12 |    11 |    17 |     1 ||    45
         Petrified         |       |       |       |       |     3 |     1 |       |       |       ||     4
         Petrifying        |       |       |       |       |     1 |     1 |       |       |       ||     2
         Paralysed         |       |       |       |       |     4 |    19 |     8 |    17 |       ||    48
 Armour: Leather armour    |    11 |       |       |       |       |       |       |       |       ||    11
         Ring mail         |     8 |    98 |   178 |    62 |   120 |   133 |       |       |       ||   599
         Plate armour      |       |       |       |   115 |   150 |   439 |    44 |       |       ||   748
         Robe              |       |       |       |    23 |       |       |       |       |       ||    23
         Chain mail        |       |       |       |       |    30 |     7 |       |       |       ||    37
         Crystal plate arm |       |       |       |       |       |       |   532 |   860 |   448 ||  1840
  Dodge: Dodged            |    32 |    67 |   137 |   122 |   131 |   285 |   190 |   352 |   167 ||  1483
